 Dungeon Crawl Stone Soup version 0.30.0-30-g96aa6591b8 (webtiles) character file.

Game seed: 11987467087845886355

1402 H0rd4k the Trooper (level 9, -1/68 HPs)
             Began as a Human Artificer on June 26, 2023.
             Killed from afar by Blork the orc (8 damage)
             ... with a magic dart
             ... on level 6 of the Dungeon.
             The game lasted 00:06:01 (4096 turns).

H0rd4k the Trooper (Human Artificer)                Turns: 4096, Time: 00:06:02

Health: -1/68      AC:  3    Str: 12    XL:     9   Next: 1%
Magic:  12/12      EV: 13    Int: 17    God:
Gold:   415        SH:  0    Dex: 13    Spells: 12/12 levels left

rFire   . . .        a - +2 dagger (venom)
rCold   . . .        (no shield)
rNeg    . . .        b - +0 leather armour
rPois   .            (no helmet)
rElec   .            (no cloak)
rCorr   .            (no gloves)
SInv    .            (no boots)
Will    .....        f - amulet of regeneration
Stlth   ++           n - ring of wizardry
HPRegen 1.11/turn    (no ring)
MPRegen 0.13/turn

%: wizardry (x1)
@: lethally poisoned (-1 -> -7)
A: no striking features
a: no special abilities


You were on level 6 of the Dungeon.
You visited 1 branch of the dungeon, and saw 6 of its levels.

You collected 415 gold pieces.

Inventory:

Hand Weapons
 a - a +2 dagger of venom (weapon)
 r - a +2 dagger of protection
Missiles
 i - 26 poisoned darts
 z - 6 atropa-tipped darts
Armour
 b - a +0 leather armour (worn)
Magical Staves
 o - a staff of death
 B - a staff of fire
Jewellery
 f - an amulet of regeneration (around neck)
 l - an amulet of the acrobat
 n - a ring of wizardry (left hand)
Wands
 d - a wand of charming (13)
 e - a wand of iceblast (1)
 A - a wand of polymorph (8)
Scrolls
 g - 9 scrolls of identify {unknown}
 k - 2 scrolls of blinking {unknown}
 p - a scroll of acquirement {unknown}
 t - a scroll of poison {unknown}
 u - 2 scrolls of magic mapping {unknown}
 v - a scroll of vulnerability {unknown}
 y - 3 scrolls of fog {unknown}
 C - a scroll of enchant armour {unknown}
Potions
 h - a potion of flight {unknown}
 j - 4 potions of curing {unknown}
 m - 3 potions of heal wounds {unknown}
 q - a potion of attraction {unknown}
 s - 2 potions of might {unknown}
 w - 2 potions of haste {unknown}
 x - a potion of ambrosia {unknown}


   Skills:
 + Level 5.0 Fighting
 + Level 4.8 Short Blades
 - Level 2.3 Maces & Flails
 + Level 1.6 Throwing
 - Level 2.0 Armour
 + Level 4.5 Dodging
 + Level 3.0 Stealth
 * Level 2.2 Spellcasting
 + Level 4.2 Evocations


You had 12 spell levels left.
You didn't know any spells.
Your spell library contained the following spells:

 Spells                   Type           Power      Damage    Failure   Level
 Summon Small Mammal      Summ           4%         N/A       10%         1
 Call Canine Familiar     Summ           1%         N/A       28%         3
 Dazzling Flash           Conj/Hex       2%         N/A       28%         3
 Summon Guardian Golem    Hex/Summ       1%         N/A       28%         3
 Volatile Blastmotes      Fire/Tloc      2%         2d10      28%         3
 Iskenderun's Mystic Bla  Conj/Tloc      1%         2d3       65%         4
 Starburst                Conj/Fire      0%         6d3       100%        6


Dungeon Overview and Level Annotations

Branches:
Dungeon (6/15)
 Temple: D:4-7

Altars:
Nemelex Xobeh
Qazlal
Ru

Shops:
D:4 (

Annotations:
D:3 2 runed translucent doors, exclusion: 2 doors, MrAu's ghost, weakling TeHu
D:5 1 runed translucent door, exclusions: door and 1 more exclusion, Crazy Yiuf
D:6 Blork the orc; Maggie


Message History

The water moccasin is severely wounded.
You feel very sick. The water moccasin misses you.
A hound comes into view.
The hound barks!
You hit the water moccasin.
The water moccasin is poisoned.
The water moccasin is almost dead.
You feel sick. The water moccasin bites you.
You are more poisoned.
The water moccasin poisons you!
Blork the orc gestures wildly while chanting.
Blork the orc seems to speed up.
You hit the water moccasin.
The water moccasin is almost dead.
You feel very sick. The water moccasin closely misses you.
The hound bites you but does no damage.
You completely miss the water moccasin.
The water moccasin is almost dead.
You feel very sick.
You kill the water moccasin!
Blork the orc screams, "Die!"
The hound misses you.
Blork the orc hits you with a +0 war axe!
* * * LOW HITPOINT WARNING * * *
Your Fighting skill increases to level 5!
Your Stealth skill increases to level 3!
You have reached level 9!
Your experience leads to an increase in your attributes!
Increase (S)trength, (I)ntelligence, or (D)exterity?
You feel clever. x2
Aiming: Charm
Press: ? - help, Shift-Dir - straight line, f - hound, p - Blork the orc
Aim: a hound (chance to affect: 67%)
The hound struggles to resist.
You feel very sick. The hound bites you.
* * * LOW HITPOINT WARNING * * *
Blork the orc casts a spell at you. The magic dart hits you!
You die...

..##.######.#.# #.##.#
#.#.# # #.##.## .#.#
#.#.#...# .#.#
..#..#.#.####.#.#
........§.....#.#
#.#..#§.§K...##.# #.#o#
#.##.# #.#@# #.##.#
.#####.#h# #.##.#
.........## #.##.#
#######.###.#####.##.####
#.# #.......##..... #.#
####.##...####. #.#
#........... #.#
###......... ####.####
#.....####


You could see Blork the orc (fast) and a hound.

Vanquished Creatures
  Prince Ribbit (D:6)
  2 water moccasins
  3 black bears
  An ice beast (D:6)
  4 scorpions
  2 hounds
  2 orc priests
  A jelly (D:4)
  4 iguanas
  A sleepcap (D:5)
  An orc wizard (D:5)
  3 adders
  An ufetubus (D:5)
  A worm (D:4)
  3 dart slugs
  11 orcs
  3 endoplasms
  3 giant cockroaches
  7 hobgoblins
  3 jackals
  3 quokkas
  7 ball pythons
  4 bats
  3 frilled lizards
  6 goblins
  3 kobolds
  5 rats
88 creatures vanquished.

Vanquished Creatures (others)
  Pikel (D:6)
1 creature vanquished.

Grand Total: 89 creatures vanquished

Notes
Turn   | Place    | Note
-------+----------+-------------------------------------------
     0 | D:1      | H0rd4k the Human Artificer began the quest for the Orb.
     0 | D:1      | Reached XP level 1. HP: 15/15 MP: 1/1
   178 | D:1      | Reached XP level 2. HP: 21/21 MP: 2/2
   849 | D:2      | Found a faded altar of an unknown god.
   881 | D:2      | Reached XP level 3. HP: 20/26 MP: 3/3
   922 | D:2      | Reached skill level 1 in Maces & Flails
  1413 | D:3      | Found a large runed translucent door.
  1413 | D:3      | Found a large runed translucent door.
  1417 | D:3      | Noticed MrAu's ghost (weakling TeHu)
  1636 | D:3      | Reached XP level 4. HP: 32/32 MP: 4/4
  2180 | D:4      | Reached XP level 5. HP: 22/38 MP: 5/5
  2225 | D:4      | Reached skill level 2 in Fighting
  2266 | D:4      | Found a sacrificial altar of Ru.
  2314 | D:4      | Noticed a black bear
  2315 | D:4      | Found a sparkling altar of Nemelex Xobeh.
  2331 | D:4      | Killed a black bear
  2332 | D:4      | Reached skill level 1 in Short Blades
  2332 | D:4      | Reached skill level 1 in Throwing
  2332 | D:4      | Reached XP level 6. HP: 23/46 MP: 6/6
  2550 | D:4      | Found a stormy altar of Qazlal.
  2610 | D:4      | Found Iqini's Antique Weapon Emporium.
  2684 | D:5      | Entered Level 5 of the Dungeon
  2894 | D:5      | Reached skill level 3 in Fighting
  2894 | D:5      | Reached XP level 7. HP: 47/52 MP: 7/7
  3271 | D:5      | Found a runed translucent door.
  3272 | D:5      | Noticed Crazy Yiuf
  3351 | D:5      | Noticed a water moccasin
  3358 | D:5      | Killed a water moccasin
  3425 | D:5      | Reached XP level 8. HP: 50/60 MP: 8/8
  3446 | D:5      | Reached skill level 4 in Fighting
  3562 | D:5      | Reached skill level 1 in Spellcasting
  3767 | D:6      | Noticed Maggie
  3931 | D:6      | Noticed Prince Ribbit
  3937 | D:6      | Killed Prince Ribbit
  4027 | D:6      | Noticed Pikel
  4041 | D:6      | Your ally Pikel died
  4083 | D:6      | Noticed Blork the orc
  4096 | D:6      | Reached skill level 5 in Fighting
  4096 | D:6      | Reached XP level 9. HP: 15/68 MP: 12/12
  4096 | D:6      | Killed from afar by Blork the orc

Illustrated notes

Levels and vault maps discovered:
D:1:      dpeg_arrival_arbitrary_c, layout_basic, grunt_decor_one_mirror
D:2:      layout_basic, hellmonk_ecumenical_altar_lost_god,
          serial_park_tiny_pond
D:3:      layout_basic, ebering_ghost_disaster_area
D:4:      layout_basic, kennysheep_mini_moat,
          mainiacjoe_overflow_catch_the_wave, serial_shops,
          nicolae_lakefront_shop
D:5:      layout_loops_ring, dreamdust_mushroom_princess, minmay_puff,
          uniq_crazy_yiuf_cottage
D:6:      layout_loops_ring, kiku_gazebo_garden_becter, uniq_maggie,
          uniq_blork_the_orc, uniq_prince_ribbit1, uniq_pikel

Skill      XL: |  1  2  3  4  5  6  7  8 |
---------------+-------------------------+-----
Maces & Flails | 1 2 |  2.3
Fighting       | 2 3 5 |  5.0
Dodging        | 2 3 4 |  4.5
Short Blades   | 1 2 3 4 |  4.8
Throwing       | 1 |  1.6
Stealth        | 2 3 |  3.0
Spellcasting   | 2 |  2.2
Evocations     | 4 |  4.2
Armour         | |  2.0

Action                     |  1- 3 |  4- 6 |  7- 9 || total
---------------------------+-------+-------+-------++-------
  Melee: Club              |   230 |    20 |       ||   250
         Punch             |     5 |       |     3 ||     8
         Mace              |       |    18 |       ||    18
         Dagger            |       |    67 |   112 ||   179
  Throw: Dart              |       |    11 |     1 ||    12
  Evoke: Wand              |       |     5 |    16 ||    21
   Stab: Distracted        |     1 |       |       ||     1
         Sleeping          |       |     1 |       ||     1
 Armour: Leather armour    |   110 |    25 |     7 ||   142
  Dodge: Dodged            |   184 |    59 |    59 ||   302
